 Dungeon Crawl Stone Soup version 0.26-a0-854-gdc81c2f471 (webtiles) character file.

Game seed: 13202495701463870329

107 sahdkjhfkaj the Chopper (level 4, -2/38 HPs)
             Began as a Barachi Berserker on Nov 22, 2020.
             Was a Believer of Trog.
             Slain by Grinder (6 damage)
             ... on level 3 of the Dungeon.
             The game lasted 00:03:01 (3257 turns).

sahdkjhfkaj the Chopper (Barachi Berserker)         Turns: 3257, Time: 00:03:02

Health: -2/38      AC:  4    Str: 19    XL:     4   Next: 86%
Magic:  4/4        EV: 12    Int:  7    God:    Trog [**....]
Gold:   185        SH:  0    Dex: 12    Spells: 3/3 levels left

rFire    . . .     SeeInvis .   a - +0 hand axe
rCold    . . .     Faith    .   (no shield)
rNeg     . . .     Spirit   .   b - +0 leather armour
rPois    .         Reflect  .   (no helmet)
rElec    .         Harm     .   i - +0 cloak
rCorr    .         Rampage  .   (no gloves)
MR       ++...                  (no boots)
Stlth    +.........             (no amulet)
HPRegen  1.12/turn              (no ring)
MPRegen  0.09/turn              (no ring)

@: brilliant, regenerating, slow
A: +LOS, swims, slowness 1, strong legs 1
a: Hop, Berserk, Trog's Hand, Renounce Religion


You were on level 3 of the Dungeon.
You worshipped Trog.
Trog was pleased with you.
You visited 1 branch of the dungeon, and saw 3 of its levels.

You collected 185 gold pieces.

Inventory:

Hand Weapons
 a - a +0 hand axe (weapon)
Armour
 b - a +0 leather armour (worn)
 i - a +0 cloak (worn)
Jewellery
 g - an uncursed ring of see invisible {unknown}
 n - an uncursed ring of magical power
 r - a +6 ring of dexterity {unknown}
Scrolls
 e - a scroll of teleportation
 f - 2 scrolls of enchant armour {unknown}
 h - 2 scrolls of blinking
 j - a scroll of enchant weapon {unknown}
 p - a scroll of fear {unknown}
 q - a scroll of remove curse {unknown}
 s - a scroll of identify
Potions
 c - a potion of heal wounds {unknown}
 d - a potion of flight
 k - a potion of invisibility {unknown}
 l - a potion of cancellation {unknown}
 m - a potion of degeneration {unknown}
 o - a potion of brilliance


   Skills:
 + Level 4.3 Fighting
 * Level 4.5 Axes
 + Level 3.3 Armour
 + Level 3.0 Dodging


You had 3 spell levels left.
You didn't know any spells.
Your spell library was empty.

Dungeon Overview and Level Annotations

Branches:
Dungeon (3/15)

Altars:
Cheibriados
Fedhas
Gozag
Trog
Yredelemnul

Annotations:
D:3 Grinder


Innate Abilities, Weirdness & Mutations

You can be seen from farther away. (+LOS)
You can swim through water.
You cover ground slowly.
You can hop short distances.


Message History

Grinder gestures at you. You resist with significant effort. The rat bites you.
Grinder hits you! The rat bites you but does no damage. Grinder hits you.
You writhe in agony.
The rat bites you but does no damage. Grinder hits you.
The rat bites you but does no damage. Grinder hits you!
* * * LOW HITPOINT WARNING * * *
You writhe in agony.
* * * LOW HITPOINT WARNING * * *
The rat bites you.
* * * LOW HITPOINT WARNING * * *
You can move again.
Your skin crawls.
You feel resistant to hostile enchantments.
Grinder barely misses you. The rat misses you.
It was a potion of brilliance.
You feel clever all of a sudden. Grinder hits you.
You die...

................##.####.##..#.##.
#...#.###.##............##..#.##.
##..#.###.#####.##.##.<.).....##.
#.........# #.##.##...)....##
##..#####.#####>##.##..))....###.
##..#####........................
.................#.######.<.#####
##.....########†.#.# #.#.#
##.##.# #.@#.######(#.#####
#.##.# #.r5........:.....# #.##.#
#....###.##.#.###.# #.##.# #
.........##.#.###.#
###.##†##.##.##....?.(...........
....................?............
###.#..##.##.##....###......#.#.#
###.#..## # #....# ####.###.#.#
......... .....# .........#.#


You could see Grinder and a rat.

Vanquished Creatures
  2 adders (D:2)
  An ooze (D:1)
  3 worms
  2 dart slugs
  5 leopard geckos
  5 orcs (D:3)
  A giant cockroach (D:2)
  5 goblins
  12 hobgoblins
  2 jackals (D:2)
  2 quokkas (D:3)
  A ball python (D:2)
  4 bats
  3 frilled lizards
  5 kobolds
  10 rats
63 creatures vanquished.

Vanquished Creatures (others)
  2 fungi (D:3)
2 creatures vanquished.

Grand Total: 65 creatures vanquished

Notes
Turn   | Place    | Note
-------+----------+-------------------------------------------
     0 | D:1      | sahdkjhfkaj the Barachi Berserker began the quest for the
                  | Orb.
     0 | D:1      | Reached XP level 1. HP: 18/18 MP: 1/1
   232 | D:1      | Reached XP level 2. HP: 25/25 MP: 2/2
  1070 | D:2      | Reached XP level 3. HP: 30/30 MP: 3/3
  1466 | D:2      | Found a faded altar of an unknown god.
  1725 | D:2      | Found an opulent altar of Gozag.
  1776 | D:2      | Reached XP level 4. HP: 15/37 MP: 4/4
  1777 | D:2      | Reached ** piety under Trog
  2525 | D:3      | Found a bloodstained altar of Trog.
  2543 | D:3      | Found a snail-covered altar of Cheibriados.
  2769 | D:3      | Found a blossoming altar of Fedhas.
  2882 | D:3      | Found a basalt altar of Yredelemnul.
  3243 | D:3      | Noticed Grinder
  3249 | D:3      | Paralysed by Grinder for 7 turns
  3257 | D:3      | Slain by Grinder

Illustrated notes

Levels and vault maps discovered:
D:1:      lightli_arrival_statuegarden, layout_loops_cross
D:2:      layout_loops_corners, nicolae_overflow_crystal_walls,
          chequers_ecumenical_altar_simple
D:3:      layout_basic, yredelemnul_altar_generic, grunt_temple_overflow_open,
          fedhas_altar_3, uniq_grinder

Skill      XL: |  1  2  3  4 |
---------------+-------------+-----
Fighting       | 4 |  4.3
Axes           | 4 |  4.5
Armour         | 3 |  3.3
Dodging        | 3 |  3.0

Action                   |  1- 3 |  4- 6 || total
-------------------------+-------+-------++-------
Melee: Hand axe          |   138 |    70 ||   208
Invok: Trog's Hand       |       |     1 ||     1
  Use: Scroll            |       |     5 ||     5
       Potion            |       |     1 ||     1
Armor: Animal skin       |     6 |       ||     6
       Leather armour    |    16 |    12 ||    28
Dodge: Dodged            |   102 |    47 ||   149

Table legend: (Time is in decaauts)
 A = Elapsed time spent in this place.
 B = Non-inter-level travel time spent in this place.
 C = Inter-level travel time spent in this place.
 D = Time resting spent in this place.
 E = Time spent auto-exploring this place.
 F = Levels seen in this place.
 G = Mean time per level.
                   A        B        C        D        E       F      G
               +--------+--------+--------+--------+--------+-----+--------+
         Total |   3640 |   3533 |    107 |      0 |   3045 |   3 | 1213.3 |
       Dungeon |   3640 |   3533 |    107 |      0 |   3045 |   3 | 1213.3 |
               +--------+--------+--------+--------+--------+-----+--------+

Top non-repeatable levels by time:
     D:2: 1537 daAuts
     D:1: 1168 daAuts
     D:3: 934 daAuts
